Map: Data-C

Players

Cognite

  • Race: Protoss Protoss
  • Spawn Location: 3:00

DisReSpeCT - Winner!

  • Race: Terran Terran
  • Spawn Location: 9:00

Event: DreamHack SC2 Masters 2022 Atlanta (Offline)

VOD

Have the link to the VOD?

Description

Time

  • Played on: Nov. 18, 2022, 11 a.m.
  • Length: 16:55

All games in this series

Show
View Real Time Build Order
Export as new Build Order

Cognite Protoss 

Build Orders: 1 Gate Expand, Phoenix Opening, Blink Stalkers 

Get SALT Encoding   

  12  0:00  Probe  
  13  0:12  Probe  
  14  0:18  Pylon  
  14  0:24  Probe  
  15  0:36  Probe (Chrono Boost)  
  15  0:37  Gateway  
  16  0:45  Probe (Chrono Boost)  
  16  0:47  Assimilator  
  17  0:50  Probe (Chrono Boost)  
  18  1:02  Probe  
  19  1:15  Probe  
  20  1:24  Cybernetics Core  
  21  1:35  Nexus  
  21  1:36  Probe  
  21  1:47  Pylon  
  21  1:50  Probe  
  21  1:55  Assimilator  
  21  1:59  Adept (Chrono Boost)  
  23  2:02  Warp Gate  
  23  2:05  Probe  
  24  2:18  Probe  
  25  2:24  Sentry (Chrono Boost)  
  27  2:30  Probe  
  27  2:36  Gateway  
  29  2:45  Probe (Chrono Boost)  
  29  2:48  Probe (Chrono Boost)  
  29  2:50  Phoenix  
  30  2:52  Twilight Council  
  30  2:54  Stalker  
  30  2:57  Probe (Chrono Boost)  
  30  2:58  Probe (Chrono Boost)  
  34  3:02  Probe (Chrono Boost)  
  35  3:06  Probe  
  36  3:14  Probe  
  36  3:15  Pylon  
  36  3:18  Probe  
  38  3:26  Probe  
  39  3:30  Probe  
  40  3:37  Blink (Chrono Boost)  
  40  3:38  Probe  
  41  3:42  Assimilator  
  41  3:44  Robotics Facility  
  41  3:47  Shield Battery  
  41  3:50  Probe x2  
  41  3:55  Stalker  
  41  3:58  Stalker  
  41  4:02  Probe  
  46  4:03  Probe  
  47  4:12  Pylon  
  47  4:14  Probe  
  47  4:15  Probe  
  49  4:19  Stalker  
  51  4:25  Stalker, Pylon  
  51  4:26  Probe  
  51  4:30  Probe  
  56  4:31  Observer  
  56  4:38  Probe  
  56  4:42  Probe, Stalker  
  60  4:50  Probe  
  60  4:52  Stalker  
  63  4:55  Probe, Pylon  
  64  5:00  Immortal  
  64  5:03  Probe  
  64  5:04  Forge  
  66  5:07  Probe, Stalker  
  66  5:22  Stalker  
  54  5:32  Probe (Chrono Boost)  
  51  5:38  Probe (Chrono Boost)  
  51  5:42  Probe (Chrono Boost)  
  52  5:47  Robotics Bay, Probe (Chrono Boost)  
  52  5:48  Protoss Ground Weapons Level 1  
  53  5:51  Nexus  
  53  5:53  Probe, Pylon  
  53  5:55  Shield Battery  
  54  5:59  Probe  
  54  6:02  Immortal  
  54  6:03  Assimilator  
  59  6:04  Sentry  
  59  6:05  Probe  
  62  6:11  Probe (Chrono Boost)  
  64  6:21  Charge  
  64  6:22  Shield Battery, Probe (Chrono Boost)  
  64  6:23  Probe (Chrono Boost)  
  64  6:24  Stalker  
  67  6:29  Probe (Chrono Boost)  
  67  6:31  Probe (Chrono Boost)  
  69  6:38  Probe  
  70  6:41  Gateway, Probe  
  70  6:44  Colossus (Chrono Boost), Gateway  
  71  6:52  Stalker  
  71  6:53  Probe  
  80  6:59  Probe  
  81  7:05  Probe  
  81  7:09  Probe  
  81  7:13  Pylon  
  81  7:14  Gateway  
  82  7:16  Sentry x2  
  82  7:17  Phoenix, Gateway  
  82  7:18  Probe x2  
  82  7:20  Pylon  
  88  7:23  Probe  
  89  7:30  Probe  
  90  7:40  Zealot x2  
  90  7:41  Zealot x2  
  96  7:44  Probe  
  96  7:49  Colossus (Chrono Boost)  
  97  7:52  Probe  
  97  7:56  Probe  
  105  8:02  Pylon  
  105  8:04  Gateway  
  105  8:05  Gateway, Stalker x3  
  107  8:07  Sentry  
  107  8:10  Stalker  
  115  8:23  Protoss Ground Armor Level 1 (Chrono Boost)  
  113  8:30  Zealot x4  
  98  8:42  Stalker x2  
  95  8:54  Stalker x4  
  103  8:57  Probe  
  103  9:00  Phoenix, Probe (Chrono Boost)  
  103  9:01  Probe (Chrono Boost)  
  106  9:09  Probe (Chrono Boost), Pylon  
  107  9:12  Probe (Chrono Boost)  
  107  9:13  Probe (Chrono Boost)  
  107  9:14  Shield Battery  
  109  9:20  Pylon  
  109  9:21  Pylon x2  
  109  9:22  Pylon  
  109  9:25  Probe  
  110  9:33  Probe  
  110  9:34  Probe  
  110  9:36  Colossus (Chrono Boost)  
  112  9:44  Nexus  
  118  9:47  Zealot  
  120  10:01  Gateway  
  120  10:02  Gateway  
  120  10:03  Pylon  
  120  10:05  Shield Battery  
  120  10:15  Zealot  
  120  10:16  Zealot x5, Protoss Ground Weapons Level 2 (Chrono Boost)  
  120  10:20  Phoenix  
  132  10:23  Robotics Facility  
  130  10:29  Warp Prism (Chrono Boost)  
  130  10:32  Extended Thermal Lance  
  132  10:45  Shield Battery  
  132  10:49  Photon Cannon  
  132  10:52  Zealot x5  
  132  10:55  Stalker  
  144  11:00  Shield Battery  
  144  11:08  Dark Shrine, Stalker  
  146  11:19  Photon Cannon  
  146  11:20  Stalker x2  
  146  11:24  Photon Cannon  
  140  11:28  Stalker x2  
  140  11:30  Photon Cannon  
  118  11:41  Stalker  
  118  11:42  Stalker x4  
  126  11:49  Disruptor (Chrono Boost), Warp Prism (Chrono Boost)  
  129  11:58  Assimilator  
  129  11:59  Probe, Assimilator  
  129  12:00  Probe, Pylon  
  131  12:15  Disruptor (Chrono Boost)  
  131  12:16  Photon Cannon  
  131  12:17  Pylon  
  131  12:18  Observer (Chrono Boost)  
  135  12:25  Zealot x4  
  135  12:29  Probe (Chrono Boost)  
  147  12:31  Disruptor (Chrono Boost)  
  147  12:35  Protoss Ground Armor Level 2 (Chrono Boost), Probe x3 (Chrono Boost)  
  148  12:39  Zealot x3, Probe (Chrono Boost)  
  155  12:49  Zealot x2  
  159  12:55  Zealot  
  155  13:01  Disruptor  
  155  13:03  Shadow Stride  
  155  13:04  Disruptor, Dark Templar  
  155  13:05  Dark Templar  
  163  13:14  Stalker x3  
  167  13:33  Stalker  
  167  13:34  Stalker x4  
  177  13:37  Disruptor, Pylon  
  178  13:45  Disruptor  
  179  13:54  Zealot  
  179  13:55  Zealot x2  
  144  14:06  Zealot x10  
  151  14:12  Pylon  
  151  14:13  Disruptor  
  151  14:14  Pylon  
  142  14:21  Disruptor  
  143  14:26  Probe x2  
  143  14:27  Assimilator x2  
  143  14:30  Pylon  
  145  14:40  Pylon  
  145  14:43  Probe  
  144  14:47  Pylon  
  144  14:48  Zealot x4  
  144  14:49  Zealot  
  154  14:53  Pylon  
  154  14:54  Pylon  
  152  15:10  Nexus  
  152  15:11  Pylon  
  152  15:20  Zealot  
  152  15:21  Zealot x6  
  164  15:35  Photon Cannon  
  163  15:37  Zealot x3, Photon Cannon  
  167  15:48  Zealot  
  167  15:53  Probe x3  
  167  15:54  Probe, Photon Cannon  
  171  15:57  Shield Battery  
  171  15:59  Zealot x4  
  179  16:19  Nexus  
  179  16:20  Pylon  
  179  16:21  Zealot, Pylon  
  179  16:25  Zealot  
  159  16:33  Zealot x3  
  123  16:52  Stalker  
  123  16:53  Stalker x4  
Show
View Real Time Build Order
Export as new Build Order

DisReSpeCT Terran - Winner!

Build Orders:  

Get SALT Encoding   

  12  0:00  SCV  
  13  0:12  SCV  
  14  0:17  Supply Depot  
  14  0:25  SCV  
  15  0:39  SCV  
  15  0:40  Barracks  
  16  0:44  Refinery  
  16  0:51  SCV  
  17  1:03  SCV  
  18  1:15  SCV  
  19  1:27  Orbital Command, Marine  
  20  1:53  Command Center  
  20  1:54  Barracks Reactor  
  20  1:56  SCV  
  21  2:01  Supply Depot  
  21  2:08  SCV  
  22  2:11  Barracks  
  22  2:20  SCV  
  23  2:25  Barracks  
  23  2:31  Marine x2  
  23  2:32  SCV  
  26  2:44  SCV  
  26  2:48  Marine  
  26  2:49  Marine  
  29  2:57  SCV  
  30  2:59  Barracks Tech Lab  
  30  3:05  Orbital Command  
  30  3:06  Marine x2  
  30  3:09  SCV  
  30  3:12  Barracks Tech Lab  
  33  3:17  Stimpack  
  33  3:18  Marine  
  34  3:21  SCV  
  34  3:24  Supply Depot, Marine x2  
  37  3:29  Combat Shield  
  37  3:30  Marine  
  37  3:33  SCV x2  
  40  3:40  Marine  
  41  3:42  Marine  
  41  3:45  SCV x2  
  44  3:52  Marine x2  
  45  3:57  SCV x2  
  45  3:59  Marauder  
  45  4:00  Marine  
  50  4:03  Refinery  
  50  4:04  Supply Depot  
  50  4:09  SCV  
  51  4:10  Marauder, Marine  
  54  4:21  Supply Depot  
  54  4:25  SCV, Marine x2  
  54  4:26  Supply Depot, SCV  
  54  4:27  Marine  
  54  4:30  Factory  
  59  4:31  Marine  
  60  4:43  Marine x2  
  60  4:45  SCV x2, Marine  
  64  4:48  Supply Depot, Refinery  
  64  4:50  Marauder  
  64  4:51  Concussive Shells  
  67  4:57  SCV x2  
  67  4:59  Supply Depot  
  69  5:01  Marine x2  
  69  5:03  Marine  
  72  5:09  SCV x2  
  68  5:21  SCV  
  68  5:24  Marauder x2, Marine  
  68  5:30  SCV  
  68  5:31  Factory Reactor  
  68  5:32  Starport  
  68  5:33  SCV  
  64  5:37  Command Center  
  64  5:40  Marine  
  64  5:41  Marine  
  64  5:42  SCV  
  65  5:45  SCV  
  66  5:54  Marauder x2  
  66  5:56  SCV  
  71  5:58  Marine  
  71  5:59  SCV, Marine  
  74  6:04  Engineering Bay  
  74  6:05  Engineering Bay  
  74  6:07  Refinery  
  74  6:08  SCV  
  74  6:11  SCV  
  76  6:16  Medivac x2  
  76  6:17  Marauder x2, Marine x2  
  86  6:20  SCV  
  86  6:23  SCV  
  87  6:26  Factory Reactor  
  87  6:32  SCV  
  88  6:34  Terran Infantry Armor Level 1, Terran Infantry Weapons Level 1  
  88  6:35  SCV  
  89  6:43  Marauder x2, Marine  
  94  6:48  Barracks  
  94  6:49  SCV x2, Marine  
  94  6:52  Barracks  
  97  6:56  Medivac x2  
  100  7:01  SCV x2  
  100  7:07  Marauder  
  100  7:08  Missile Turret  
  104  7:09  Marine x2  
  104  7:13  SCV, Widow Mine  
  109  7:20  Supply Depot  
  109  7:21  SCV, Widow Mine  
  112  7:23  Supply Depot  
  112  7:25  SCV  
  112  7:26  Orbital Command  
  113  7:33  SCV  
  112  7:38  Marine  
  112  7:39  Marauder x2  
  112  7:41  Medivac x2  
  112  7:42  SCV  
  122  7:45  SCV  
  123  7:58  Barracks Tech Lab, Marine x3  
  124  7:59  Widow Mine x2  
  124  8:00  SCV, Marauder  
  124  8:02  Supply Depot  
  124  8:04  Supply Depot  
  133  8:23  SCV x2, Marine  
  133  8:24  Marauder x2  
  133  8:25  Barracks Reactor  
  133  8:26  Supply Depot, Marauder  
  122  8:45  Marauder  
  122  8:47  Marine  
  122  8:48  Viking, Widow Mine x2, Marauder x2  
  121  8:49  SCV x3  
  121  8:51  Bunker  
  121  8:52  Bunker  
  126  9:00  Armory  
  126  9:01  SCV x3  
  129  9:03  Viking  
  129  9:04  Marine x3  
  129  9:05  Marine  
  129  9:06  Marauder  
  129  9:08  Ghost Academy  
  129  9:09  Marauder  
  139  9:11  Refinery x2  
  139  9:13  SCV x3  
  142  9:17  Marauder  
  142  9:18  Widow Mine x2  
  142  9:22  Marine  
  149  9:25  Supply Depot, SCV x3  
  149  9:26  Supply Depot  
  149  9:28  Marauder, Marine x3  
  149  9:29  Viking  
  159  9:41  Command Center  
  163  9:50  Terran Infantry Armor Level 2, Terran Infantry Weapons Level 2  
  163  9:51  Terran Ship Weapons Level 1  
  163  9:55  Marine  
  163  9:56  Marine, Ghost  
  163  9:59  Marine x4  
  166  10:18  Marauder x2, Marine x2  
  166  10:19  Marine x2  
  166  10:20  Viking, Widow Mine x2  
  180  10:33  Supply Depot  
  180  10:34  Supply Depot  
  180  10:40  Marine  
  181  10:44  Supply Depot, Enhanced Shockwaves  
  181  10:46  Supply Depot, Viking, Marine  
  181  10:47  SCV, Marauder x2  
  189  10:53  Marine  
  190  11:01  Viking, Marauder, SCV x2  
  196  11:06  Barracks  
  196  11:07  Barracks  
  196  11:08  Barracks  
  196  11:10  Marauder, Marine  
  149  11:34  Marauder x3, Marine x4  
  142  11:44  Viking x2, Widow Mine x2  
  142  11:45  Planetary Fortress  
  148  11:48  Missile Turret  
  148  11:50  Missile Turret  
  148  11:52  Marine x3  
  148  11:53  SCV  
  152  11:55  Marauder  
  152  11:56  Marauder x2  
  152  11:57  Refinery  
  152  11:58  Refinery, Barracks Tech Lab  
  152  11:59  Barracks Reactor, Barracks Tech Lab  
  158  12:06  Terran Infantry Armor Level 3, Terran Infantry Weapons Level 3, Command Center  
  156  12:12  Marine x4  
  156  12:14  Widow Mine x2  
  156  12:15  SCV, Terran Ship Weapons Level 2  
  165  12:17  Marauder x3  
  165  12:19  Ghost  
  165  12:20  Ghost  
  165  12:21  SCV  
  176  12:30  Marine x4  
  176  12:32  Supply Depot, Viking x2  
  176  12:33  Personal Cloaking  
  184  12:38  Marauder  
  186  12:45  Marine x4  
  190  12:55  Bunker  
  190  13:06  Marauder x2, Marine x2  
  196  13:14  SCV  
  196  13:16  Starport  
  197  13:22  Missile Turret  
  194  13:46  Marauder x3, Marine x2  
  138  14:06  Marauder x2, Marine x3  
  138  14:07  Widow Mine x2, Marauder x2, Planetary Fortress  
  132  14:20  Medivac x2  
  132  14:21  Marine x3  
  132  14:22  SCV x2  
  136  14:27  Starport Reactor  
  136  14:29  Fusion Core  
  136  14:30  SCV x2  
  138  14:39  Ghost x2  
  138  14:40  Marine, Ghost  
  138  14:41  Marauder x2, Marine x5  
  138  14:42  SCV, Widow Mine x2  
  138  14:43  Missile Turret  
  157  14:49  Refinery  
  157  14:50  Medivac x2  
  157  14:52  Hi-Sec Auto Tracking, Neosteel Armor  
  161  14:58  Marine  
  161  14:59  Marine x2  
  164  15:02  Marauder x2  
  164  15:04  Liberator x2  
  164  15:05  SCV x3  
  175  15:09  Marauder  
  175  15:10  Supply Depot  
  177  15:20  Medivac x2, Marauder x2, Marine x6  
  191  15:23  Marauder, Marine  
  194  15:33  Command Center  
  192  15:37  Marine  
  192  15:38  Marauder, Marine x3  
  192  15:39  Widow Mine  
  200  15:47  Medivac  
  198  15:53  Marine  
  198  15:54  Marauder  
Tags
 
Add a new tag
Caveats
  • Supply blocks, unpowered buildings, or Contaminate may cause inaccurate times.
  • Supply counts are checked every 10 seconds.